 Dungeon Crawl Stone Soup version 0.20-a0-223-g066d66b (webtiles) character file.

1806 Faca the Blocker (level 9, -2/67 HPs)
             Began as a Formicid Fighter on Nov 30, 2016.
             Was a Believer of Elyvilon.
             Slain by a bullfrog (5 damage)
             ... on level 6 of the Dungeon.
             The game lasted 00:20:23 (4748 turns).

Faca the Blocker (Formicid Fighter)                 Turns: 4748, Time: 00:20:24

Health: -2/67      AC: 17    Str: 23    XL:     9   Next: 31%
Magic:  8/9        EV:  6    Int:  8    God:    Elyvilon [**....]
Gold:   340        SH: 11    Dex: 15    Spells: 8/8 levels left

rFire  . . .     SeeInvis +     q - +2 great sword (slice)
rCold  . . .     Gourm    .     m - +0 plate armour
rNeg   . . .     Faith    .     c - +0 shield
rPois  .         Spirit   .     (helmet unavailable)
rElec  .         Reflect  .     p - +0 cloak of Uskayaw's Pride {Str+2}
rCorr  .         Harm     .     e - +0 pair of gloves
MR     .....                    (no boots)
Stlth  ..........               (no amulet)
                                (no ring)
                                (no ring)

@: drained
A: permanent stasis, dig shafts and tunnels, four strong arms, antennae 3,
molten scales 1, agile 1, evolution 1
a: Dig, Shaft Self, Lesser Healing, Heal Other, Divine Protection, Renounce
Religion


You were on level 6 of the Dungeon.
You worshipped Elyvilon.
Elyvilon was pleased with you.
You were hungry.

You visited 2 branches of the dungeon, and saw 7 of its levels.
You also visited: Sewer.

You collected 340 gold pieces.

Inventory:

Hand Weapons
 j - a +1 whip of electrocution
 q - a +2 great sword of slicing (weapon)
Armour
 c - a +0 shield (worn)
 e - a +0 pair of gloves (worn)
 m - a +0 plate armour (worn)
 p - the +0 cloak of Uskayaw's Pride (worn) {Str+2}
   (You found it on level 5 of the Dungeon)

   It affects your strength (+2).
Scrolls
 k - a scroll of remove curse
 o - a scroll of identify
Potions
 a - a potion of invisibility
 d - 2 potions of might
 g - 2 potions of flight
 i - a potion of agility
Comestibles
 b - a slice of pizza
 f - 3 bread rations
 h - 3 fruits


   Skills:
 + Level 4.9(4.2) Fighting
 + Level 1.9(1.3) Long Blades
   Level 3.0(4.2) Axes
 + Level 6.0(5.6) Maces & Flails
 + Level 6.9(6.2) Armour
 + Level 1.4(0.8) Dodging
 + Level 8.1(7.4) Shields
 + Level 0.2(0.0) Invocations


You had 8 spell levels left.
You didn't know any spells.

Dungeon Overview and Level Annotations

Branches:
Dungeon (6/15)             Temple (1/1) D:4

Altars:
Ashenzari
Cheibriados
Dithmenos
Elyvilon
Fedhas
Gozag
Hepliaklqana
Kikubaaqudgha
Makhleb
Qazlal
Ru
Sif Muna
Uskayaw
Vehumet
Xom
Yredelemnul
Zin
The Shining One

Shops:
D:5 [


Innate Abilities, Weirdness & Mutations

You cannot be hasted, slowed, berserked, paralysed or teleported.
You can dig through walls and to a lower floor.
Your four strong arms can wield two-handed weapons with a shield.
You have a pair of large antennae on your head. (SInv)
You are partially covered in molten scales. (AC +2)
You are agile. (Dex +2)
You evolve.


Message History

You are feeling hungry.
You barely miss the bullfrog. The bullfrog barely misses you.
The bullfrog snags a nearby small bird with its tongue.
You block the bullfrog's attack.
You completely miss the bullfrog.
The bullfrog hits you but does no damage. x2
The bullfrog closely misses you.
You riposte.
You closely miss the bullfrog. You closely miss the bullfrog.
You block the bullfrog's attack. The bullfrog barely misses you.
You closely miss the bullfrog. You block the bullfrog's attack.
The bullfrog hits you.
* * * LOW HITPOINT WARNING * * *
The bullfrog hits you but does no damage.
You miss the bullfrog.
The orc wizard looks braver for a moment.
The bullfrog hits you.
* * * LOW HITPOINT WARNING * * *
The bullfrog hits you but does no damage.
You barely miss the bullfrog. The bullfrog hits you.
You die...

.##.#....... ##.......#
.......#######........#
###.........(.........#
.....##...............#
.##.#...#####.###.....#
###...####.[..#########
#...###..##...## #
..#..##.#####..# .
.###....# ##@# #
###...# #F###
#####...#.# #oo{#
#......##.(. ###oo#
#......####.# #..#
.......# ... #.#
#......# #.# ..#
######## .# ... ...


You could see an orc warrior, a bullfrog, an orc wizard and an orc.

Vanquished Creatures
  Grinder (D:5)
  A sky beast (D:6)
  An ice beast (D:5)
  A phantom (D:4)
  A black bear (D:6)
  2 ogres
  2 centaurs
  A big kobold (Sewer)
  A scorpion (D:4)
  5 wights (D:6)
  A crimson imp (D:5)
  4 hounds
  2 orc priests
  An orc wizard (D:3)
  6 worker ants
  2 hound skeletons
  A worker ant zombie (D:5)
  4 gnolls (D:2)
  3 adders (D:3)
  2 river rats (Sewer)
  3 oozes
  An adder skeleton (D:5)
  A worm (D:4)
  2 dart slugs
  4 leopard geckos
  15 orcs
  2 ball pythons (D:1)
  5 giant cockroaches
  8 goblins
  8 hobgoblins
  2 jackals (Sewer)
  10 kobolds
  4 bats
  4 frilled lizards
  2 leopard gecko zombies (D:5)
  6 rats
119 creatures vanquished.

Vanquished Creatures (others)
  Sigmund (D:5)
1 creature vanquished.

Grand Total: 120 creatures vanquished

Notes
Turn   | Place    | Note
-------+----------+-------------------------------------------
     0 | D:1      | Faca the Formicid Fighter began the quest for the Orb.
     0 | D:1      | Reached XP level 1. HP: 18/18 MP: 1/1
    41 | D:1      | Reached XP level 2. HP: 21/24 MP: 2/2
    99 | D:1      | Reached skill level 4 in Shields
    99 | D:1      | Reached XP level 3. HP: 24/29 MP: 3/3
   302 | D:1      | Gained mutation: Your flesh is cold resistant. (rC+) [potion of mutation]
   302 | D:1      | Gained mutation: Your flesh is very cold resistant. (rC++) [potion of mutation]
   302 | D:1      | Gained mutation: You are weak. (Str -2) [potion of mutation]
   504 | D:2      | Found a shimmering altar of Xom.
   585 | D:2      | Found a sacrificial altar of Ru.
   904 | D:2      | Reached XP level 4. HP: 22/37 MP: 4/4
  1627 | D:3      | Reached XP level 5. HP: 32/42 MP: 5/5
  1674 | D:3      | Found a glowing drain.
  1772 | Sewer    | Entered a sewer
  1786 | Sewer    | Reached skill level 1 in Maces & Flails
  1944 | Sewer    | Noticed a big kobold
  1957 | Sewer    | Killed a big kobold
  1957 | Sewer    | Reached XP level 6. HP: 48/48 MP: 6/6
  1981 | Sewer    | Found a white marble altar of Elyvilon.
  2053 | D:3      | Reached skill level 5 in Shields
  2075 | D:3      | Reached skill level 1 in Dodging
  2336 | D:3      | Found a sacrificial altar of Ru.
  2337 | D:3      | Found a glowing golden altar of the Shining One.
  2510 | D:4      | Found a staircase to the Ecumenical Temple.
  2519 | Temple   | Entered the Ecumenical Temple
  2621 | Temple   | Became a worshipper of Elyvilon the Healer
  2641 | D:4      | Found a stormy altar of Qazlal.
  2647 | D:4      | Found a blossoming altar of Fedhas.
  2714 | D:4      | Lost mutation: You are weak. (Str -2) [potion of mutation]
  2714 | D:4      | Gained mutation: Scrolls take you a little longer to read. [potion of mutation]
  2714 | D:4      | Gained mutation: You evolve. [potion of mutation]
  2780 | D:4      | Noticed an ogre
  2788 | D:4      | Killed an ogre
  2788 | D:4      | Reached XP level 7. HP: 28/54 MP: 7/7
  3031 | D:4      | Reached * piety under Elyvilon
  3066 | D:4      | Lost mutation: Scrolls take you a little longer to read. [potion of cure mutation]
  3066 | D:4      | Lost mutation: Your flesh is very cold resistant. (rC++) [potion of cure mutation]
  3066 | D:4      | Lost mutation: Your flesh is cold resistant. (rC+) [potion of cure mutation]
  3179 | D:4      | Reached skill level 5 in Armour
  3377 | D:5      | Entered Level 5 of the Dungeon
  3377 | D:5      | Reached ** piety under Elyvilon
  3417 | D:5      | Reached skill level 6 in Shields
  3437 | D:5      | Found Yreohish's Antique Armour Shoppe.
  3564 | D:5      | Got a bloodstained cloak
  3576 | D:5      | Identified the +0 cloak of Uskayaw's Pride {Str+2} (You found it on level 5 of the Dungeon)
  3603 | D:5      | Reached XP level 8. HP: 60/60 MP: 8/8
  3624 | D:5      | Noticed Grinder
  3626 | D:5      | Noticed Sigmund
  3651 | D:5      | Killed Sigmund
  3660 | D:5      | Killed Grinder
  3921 | D:5      | Reached skill level 7 in Shields
  3960 | D:5      | Gained mutation: You are agile. (Dex +2) [evolution]
  3998 | D:5      | Reached skill level 5 in Maces & Flails
  4190 | D:6      | Reached XP level 9. HP: 35/66 MP: 9/9
  4405 | D:6      | Found a shadowy altar of Dithmenos.
  4493 | D:6      | Reached skill level 1 in Long Blades
  4504 | D:6      | Gained mutation: You are partially covered in molten scales. (AC +2) [evolution]
  4508 | D:6      | Reached skill level 8 in Shields
  4747 | D:6      | HP: 3/67 [bullfrog (6)]
  4748 | D:6      | Slain by a bullfrog

Vault maps used:
D:1:      erik_arrival_gehennom
D:2:      lemuel_crystal_altar, nicolae_ru_awakened_eye
D:3:      gammafunk_temple_overflow_statue, portal_sewer_entry_f,
          grunt_ministairs_15
D:4:      grunt_temple_overflow_forces_of_nature
D:5:      first_bread, serial_shops, shop_statue, uniq_grinder, uniq_sigmund
D:6:      grunt_dithmenos_smoke_and_mirrors
Temple:   nicolae_temple_x_marks_the_god
Sewer:    sewer_kobolds

Skill      XL: |  1  2  3  4  5  6  7  8  9 |
---------------+----------------------------+-----
Shields        | 4 5 6 7 8 |  8.1
Armour         | 4 5 6 |  6.9
Axes           | 3 |  3.0
Maces & Flails | 2 3 4 5 6 |  6.0
Dodging        | 1 |  1.4
Fighting       | 4 |  4.9
Long Blades    | 1 |  1.9
Invocations    | |  0.2

Action                   |  1- 3 |  4- 6 |  7- 9 || total
-------------------------+-------+-------+-------++-------
Melee: War axe           |    87 |     6 |       ||    93
       Whip              |       |   185 |   156 ||   341
       Great sword       |       |       |    60 ||    60
Invok: Lesser Healing    |       |       |     3 ||     3
 Abil: Dig               |     1 |       |       ||     1
  Use: Scroll            |     2 |     2 |     5 ||     9
       Potion            |     2 |     4 |     5 ||    11
  Eat: Fruit             |       |     5 |       ||     5
       Bread ration      |       |     1 |       ||     1
       Beef jerky        |       |       |     1 ||     1
       Pizza             |       |       |     2 ||     2
Armor: Scale mail        |    26 |    73 |       ||    99
       Chain mail        |       |     4 |       ||     4
       Plate armour      |       |       |   108 ||   108
Dodge: Dodged            |    27 |    57 |    49 ||   133
Block: Shield            |    44 |   108 |   140 ||   292
       Rpst.: Great sword |       |       |     5 ||     5
